 Dungeon Crawl Stone Soup version 0.29-a0-830-gcb1280458a (webtiles) character file.

Game seed: 5922967552475582239

909 lunkers the Geomancer (level 8, 0/57 HPs)
             Began as a Meteoran Earth Elementalist on July 11, 2022.
             Slain by a black bear (4 damage)
             ... on level 6 of the Dungeon.
             The game lasted 00:11:08 (1506 turns).

lunkers the Geomancer (Meteoran Earth Elementalist) Turns: 1506, Time: 00:11:09

Health: 0/57       AC:  2    Str: 10    XL:     8   Next: 55%
Magic:  3/17       EV: 12    Int: 18    God:
Gold:   259        SH:  0    Dex: 15    Spells: 8/18 levels left

rFire   . . .      SeeInvis .   q - +3 short sword (venom)
rCold   . . .      Faith    .   (no shield)
rNeg    . . .      Spirit   .   a - +0 robe
rPois   +          Reflect  .   (no helmet)
rElec   .          Harm     .   (no cloak)
rCorr   .          Rampage  .   (no gloves)
Will    +....                   (no boots)
Stlth   +.........              (no amulet)
HPRegen 0.19/turn               d - ring of poison resistance
MPRegen 0.15/turn               (no ring)

@: lethally poisoned (0 -> -10), glowing
A: sense surroundings 1, otherworldly, glowing, explore regen
a: no special abilities


You were on level 6 of the Dungeon.
You visited 1 branch of the dungeon, and saw 6 of its levels.

You collected 259 gold pieces.

Inventory:

Hand Weapons
 q - a +3 short sword of venom (weapon)
 s - a +1 whip of electrocution
 u - a +2 whip of pain
Missiles
 b - 2 throwing nets
Armour
 a - a +0 robe (worn)
Jewellery
 d - a ring of poison resistance (left hand)
 l - an amulet of guardian spirit
Scrolls
 c - 2 scrolls of poison
 h - a scroll of magic mapping
 k - 2 scrolls of blinking
Potions
 e - 7 potions of curing
 f - 2 potions of attraction
 g - a potion of mutation {unknown}
 i - a potion of brilliance {unknown}
 m - a potion of flight {unknown}
 p - 4 potions of heal wounds {unknown}
 r - 4 potions of berserk rage {unknown}
 t - a potion of might {unknown}


   Skills:
 - Level 2.4 Dodging
 - Level 1.4 Stealth
 + Level 5.7 Spellcasting
 * Level 5.8 Conjurations
 - Level 1.2 Transmutations
 * Level 8.1 Earth Magic


You had 8 spell levels left.
You knew the following spells:

 Your Spells              Type           Power      Damage    Failure   Level
a - Sandblast             Erth           68%        2d15      1%          1
b - Passwall              Tmut/Erth      17%        N/A       2%          2
c - Stone Arrow           Conj/Erth      60%        3d10      1%          3
d - Petrify               Tmut/Erth      21%        N/A       19%         4

Your spell library contained the following spells:

 Spells                   Type           Power      Damage    Failure   Level


Dungeon Overview and Level Annotations

Branches:
Dungeon (6/15) Zot: 1978   Temple (0/1) D:6

Altars:

Shops:
D:5 ?   D:6 =

Annotations:
D:4 2 transporters, buhh's ghost, amateur OpTm
D:6 3 runed translucent doors


Innate Abilities, Weirdness & Mutations

You passively map a small area around you.
You are easily found by Zot.
You glow in the dark.
You regain HP and MP as you explore.


Message History

Aiming: Stone Arrow (safe; 1% risk of failure)
Press: ? - help, Shift-Dir - straight line, f - killer bee
Aim: a killer bee (48% to hit)
The stone arrow misses the killer bee.
* * * LOW MAGIC WARNING * * *
You feel sick. The killer bee stings you.
* * * LOW HITPOINT WARNING * * *
The killer bee stings you.
* * * LOW HITPOINT WARNING * * *
Okay, then.
You miss the killer bee.
You feel sick.
You are no longer poisoned.
The killer bee stings you.
* * * LOW HITPOINT WARNING * * *
The killer bee stings you.
* * * LOW HITPOINT WARNING * * *
Unknown command.
The killer bee attacks as you move away!
The killer bee stings you.
* * * LOW HITPOINT WARNING * * *
The killer bee stings you.
* * * LOW HITPOINT WARNING * * *
You open the door.
A black bear comes into view.
The black bear growls angrily.
The killer bee stings you but does no damage.
The killer bee completely misses you. The killer bee closely misses you.
Found an escape hatch in the ceiling.
Unknown command.
Found a helmet.
The killer bee stings you!
* * * LOW HITPOINT WARNING * * *
The killer bee stings you.
* * * LOW HITPOINT WARNING * * *
The killer bee stings you.
* * * LOW HITPOINT WARNING * * *
You are lethally poisoned!
The killer bee poisons you!
The black bear bites you but does no damage.
The black bear completely misses you. The black bear claws you.
You die...

≈≈**,,* *,** ,***,,* *,,*
,***,,*******######### ###+#
,,**+**,*,,*,#.......# ###.+∩+
,,**,>,,,,,,,#.......# #...#.#
,,,,,,,,,,,,,#.......######......
,,,,,,,,,,,,,+.......#....#......
******,,***,,#.h.<.[.#....#......
,,,,,*,,**#+####@#####....#......
,,,,,*,,,,#....#yy..#.....'......
,,,,,*,,,,#....#y...##....#......
,,,,,*,,,,#....†....##....#......
,,,,,*,,,,#....#..........#......
,,,,,+,,,,#....#..........'......
,,,,,*,,**#...##....##....#......
******,,**#..#*##...#######......
*,,,,,,,,#...*,,##### #.<....


You could see a black bear and 3 killer bees.

Vanquished Creatures
  An ogre (D:5)
  Blork the orc (D:5)
  A bullfrog (D:6)
  3 scorpions
  A killer bee (D:6)
  2 hounds (D:5)
  A gnoll bouda (D:4)
  4 jellies
  An orc wizard (D:5)
  7 gnolls
  9 adders
  A shadow imp (D:5)
  2 worms (D:2)
  10 orcs (D:5)
  5 endoplasms
  8 giant cockroaches
  2 goblins
  3 hobgoblins
  4 jackals
  2 quokkas
  2 ball pythons
  4 bats
  A frilled lizard (D:1)
  5 kobolds
  A rat (D:1)
81 creatures vanquished.

Notes
Turn   | Place    | Note
-------+----------+-------------------------------------------
     0 | D:1      | lunkers the Meteoran Earth Elementalist began the quest for
                  | the Orb.
     0 | D:1      | Reached XP level 1. HP: 14/14 MP: 5/5
    55 | D:1      | Reached XP level 2. HP: 15/20 MP: 1/6
    56 | D:1      | Reached skill level 4 in Earth Magic
   134 | D:1      | Learned a level 2 spell: Passwall
   241 | D:2      | Reached XP level 3. HP: 26/26 MP: 4/8
   288 | D:2      | Learned a level 3 spell: Stone Arrow
   313 | D:2      | Reached XP level 4. HP: 31/33 MP: 6/10
   318 | D:2      | Reached skill level 5 in Earth Magic
   503 | D:3      | You fall into a shaft and drop 1 floor!
   650 | D:4      | Reached XP level 5. HP: 38/38 MP: 8/11
   758 | D:4      | Learned a level 4 spell: Petrify
   787 | D:4      | Reached skill level 1 in Conjurations
   833 | D:4      | Reached XP level 6. HP: 7/45 MP: 3/13
   852 | D:4      | Found a transporter.
   897 | D:4      | Reached skill level 6 in Earth Magic
   939 | D:5      | Entered Level 5 of the Dungeon
  1036 | D:5      | Found Panuc's Magic Scroll Emporium.
  1093 | D:5      | Reached XP level 7. HP: 50/50 MP: 11/14
  1097 | D:4      | Found a transporter.
  1102 | D:4      | Noticed buhh's ghost (amateur OpTm)
  1201 | D:5      | Reached skill level 7 in Earth Magic
  1258 | D:6      | Noticed Blork the orc
  1264 | D:5      | Killed Blork the orc
  1265 | D:5      | Reached skill level 5 in Spellcasting
  1337 | D:5      | Reached XP level 8. HP: 55/57 MP: 6/16
  1342 | D:5      | Reached skill level 5 in Conjurations
  1409 | D:6      | Found a runed translucent gate.
  1411 | D:6      | Found a runed translucent gate.
  1413 | D:6      | Found a runed translucent gate.
  1436 | D:6      | Found Inolou's Jewellery Emporium.
  1476 | D:6      | Reached skill level 8 in Earth Magic
  1506 | D:6      | Slain by a black bear

Illustrated notes

Levels and vault maps discovered:
D:1:      minmay_arrival_plants_in_alcoves, layout_rooms,
          hellmonk_ecumenical_altar_slurped_away
D:2:      layout_rooms, kennysheep_potato
D:3:      layout_basic
D:4:      layout_basic, gammafunk_ghost_mausoleum, kennysheep_generic_room_5
D:5:      minmay_inner_zag, layout_basic, serial_shops, shop_statue
D:6:      minmay_spotlight, layout_gridville,
          lemuel_mausoleum_altar_kikubaaqudgha, minmay_temple_entry_fiery,
          gammafunk_ghost_icy, serial_shops, nicolae_shop_behind_doors,
          minmay_misc_feat_nine_boxes, uniq_blork_the_orc, uniq_menkaure

Skill      XL: |  1  2  3  4  5  6  7  8 |
---------------+-------------------------+-----
Earth Magic    | 4 5 6 7 8 |  8.1
Spellcasting   | 3 4 5 |  5.7
Conjurations   | 2 3 4 5 |  5.8
Dodging        | |  2.4
Stealth        | |  1.4
Transmutations | |  1.2

Action                   |  1- 3 |  4- 6 |  7- 9 || total
-------------------------+-------+-------+-------++-------
Melee: Unarmed           |       |     1 |       ||     1
       Short sword       |       |     1 |     5 ||     6
 Cast: Sandblast         |    38 |    52 |    19 ||   109
       Stone Arrow       |       |     8 |    23 ||    31
  Use: Potion            |       |     1 |       ||     1
       Scroll            |       |       |    10 ||    10
Armor: Robe              |    12 |    10 |     7 ||    29
Dodge: Dodged            |    21 |    39 |    37 ||    97

Table legend: (Time is in decaauts)
 A = Elapsed time spent in this place.
 B = Non-inter-level travel time spent in this place.
 C = Inter-level travel time spent in this place.
 D = Time resting spent in this place.
 E = Time spent auto-exploring this place.
 F = Levels seen in this place.
 G = Mean time per level.
                   A        B        C        D        E       F      G
               +--------+--------+--------+--------+--------+-----+--------+
         Total |   1620 |   1620 |      0 |      0 |     27 |   6 |  270.0 |
       Dungeon |   1620 |   1620 |      0 |      0 |     27 |   6 |  270.0 |
               +--------+--------+--------+--------+--------+-----+--------+

Top non-repeatable levels by time:
     D:5: 458 daAuts
     D:4: 402 daAuts
     D:2: 283 daAuts
     D:3: 185 daAuts
     D:1: 159 daAuts
     D:6: 132 daAuts
